AoeStats
← KırımTatarı

Arabia

508877871Analyzed
1v1 RM · 7d ago on Sep 24, 2026· 51m 28s· 2 players
Game mode
Random Map
Map size
Tiny (2 player)
Population
200
Speed
Normal
Resources
Standard
Victory
Conquest
Starting age
Dark Age
Ending age
Imperial Age
RankedLock teamsTeams togetherTeam positionsShared explorationLock speedFull tech treeHidden civsTurbo modeCheats
Victory
Defeat
🇹🇷 Magyars · Türkiye
1068
+14
🇵🇪 Ethiopians · Peru
1035
-14
Hurin
7:56 Loom
10:20 Feudal Age
10:23 Man-at-Arms
11:10 Gold Mining
12:23 Arson
16:44 Fletching
19:37 Horse Collar
20:49 Double-Bit Axe
25:47 Castle Age
25:11 Padded Archer Armor
25:38 Scale Mail Armor
25:54 Stone Mining
26:40 Forging
27:14 Bow Saw
27:35 Long Swordsman
27:39 Crossbowman
30:27 Gold Shaft Mining
32:58 Stone Shaft Mining
33:14 Heavy Plow
34:29 Wheelbarrow
35:43 Squires
36:00 Leather Archer Armor
38:15 Town Watch
39:05 Ballistics
39:59 Bodkin Arrow
41:06 Thumb Ring
41:52 Chain Mail Armor
47:48 Imperial Age
45:39 Murder Holes
47:15 Iron Casting
51:37 Hand Cart
KırımTatarı
7:36 Loom
9:47 Feudal Age
10:34 Double-Bit Axe
11:12 Horse Collar
23:10 Castle Age
21:23 Scale Barding Armor
26:20 Bloodlines
27:34 Chain Barding Armor
29:37 Husbandry
29:42 Light Cavalry
33:06 Bow Saw
32:58 Heavy Plow
39:58 Wheelbarrow
39:33 Stone Mining
39:36 Gold Mining
41:51 Hand Cart
45:06 Imperial Age
43:35 Corvinian Army
46:48 Murder Holes
46:39 Cavalier
48:24 Plate Barding Armor
49:42 Chemistry
Connection lost

Rejoining the realm…

Still unreachable

The connection could not be restored.

Session expired

The server has moved on; the page needs a fresh start.